 Dungeon Crawl Stone Soup version 0.25.0-37-gb73750e0fb (webtiles) character file.

Game seed: 11511074275285500507

216 Ethylacetat the Poker (level 5, -1/37 HPs)
             Began as an Octopode Gladiator on July 8, 2020.
             Killed by Freeze
             ... invoked by iamserjio's ghost
              (8 damage)
             ... on level 2 of the Dungeon.
             The game lasted 00:05:07 (2701 turns).

Ethylacetat the Poker (Octopode Gladiator)          Turns: 2701, Time: 00:05:08

Health: -1/37      AC:  1    Str: 15    XL:     5   Next: 93%
Magic:  5/5        EV: 14    Int: 10    God:
Gold:   89         SH:  0    Dex: 13    Spells: 4/4 levels left

rFire    . . .     SeeInvis .   a - +0 trident
rCold    . . .     Gourm    .   (no shield)
rNeg     . . .     Faith    .   b - +0 hat
rPois    .         Spirit   .   (no amulet)
rElec    .         Reflect  .   (no ring)
rCorr    .         Harm     .   (no ring)
MR       .....                  (no ring)
Stlth    ++........             (no ring)
HPRegen  0.12/turn              (no ring)
MPRegen  0.09/turn              (no ring)
                                (no ring)
                                (no ring)

@: no status effects
A: almost no armour, stealthy swim, amphibious, 8 rings, constrict 8, camouflage
1, gelatinous body 1
a: no special abilities


You were on level 2 of the Dungeon.
You were near starving.

You visited 1 branch of the dungeon, and saw 3 of its levels.

You collected 89 gold pieces.

Inventory:

Hand Weapons
 a - a +0 trident (weapon)
Missiles
 c - 3 throwing nets (quivered)
Armour
 b - a +0 hat (worn)
Jewellery
 v - an uncursed amulet of guardian spirit {unknown}
Scrolls
 g - a scroll of random uselessness {unknown}
 h - a scroll of enchant weapon {unknown}
 i - a scroll of magic mapping {unknown}
 j - a scroll of noise {unknown}
 l - 4 scrolls of identify {unknown}
 m - 3 scrolls of remove curse {unknown}
 p - 2 scrolls of fog {unknown}
 q - 2 scrolls of enchant armour {unknown}
 u - a scroll of immolation {unknown}
 w - a scroll of teleportation {unknown}
Potions
 e - a potion of heal wounds {unknown}
 f - 2 potions of invisibility {unknown}
 k - a potion of lignification {unknown}
 n - a potion of haste {unknown}
 r - a potion of mutation {unknown}
 s - a potion of berserk rage {unknown}
 t - 2 potions of flight {unknown}
Comestibles
 d - 7 rations


   Skills:
 + Level 3.7 Fighting
 * Level 5.5 Polearms
 - Level 2.0 Throwing
 - Level 3.0 Dodging


You had 4 spell levels left.
You didn't know any spells.
Your spell library was empty.

Dungeon Overview and Level Annotations

Branches:
Dungeon (3/15)

Altars:
Gozag
Uskayaw
Beogh

Annotations:
D:2 iamserjio's ghost, weakling GnIE


Innate Abilities, Weirdness & Mutations

You cannot wear most types of armour.
You are very stealthy in the water. (Stealth+)
You are amphibious.
You can wear up to eight rings at the same time.
You can use your tentacles to constrict eight enemies at once.
Your skin changes colour to match your surroundings (Stealth+).
Your rubbery body absorbs attacks. (AC +1, EV +1)


Message History

Iamserjio's ghost closely misses you.
Unknown command.
You hit iamserjio's ghost.
Iamserjio's ghost is severely damaged.
Iamserjio's ghost closely misses you.
You closely miss iamserjio's ghost.
Iamserjio's ghost is severely damaged.
Iamserjio's ghost points at you and mumbles some strange words.
You are frozen.
* * * LOW HITPOINT WARNING * * *
There is an escape hatch in the ceiling here.
Iamserjio's ghost ripples.
Iamserjio's ghost hits you.
* * * LOW HITPOINT WARNING * * *
A mysterious force pulls you upwards. The hatch slams shut behind you.
You barely miss iamserjio's ghost.
Iamserjio's ghost is severely damaged.
Iamserjio's ghost casts a spell at you.
You are frozen.
You die...

#.................##
#............##.....
#...########......##
#...# ####..... #..>#
#..[.# ##### ##.....
########## #......
#........# #......
#...[..W@# #......
#........# #########.....
#........# #.............
#........#####.####....).
#.<........###...........
#........#..#######......
######...##...# ##.....
###...##.### ###....
###.##...###......


You could see iamserjio's ghost.

Vanquished Creatures
  An orc priest (D:3)
  An orc wizard (D:3)
  Jessica (D:2)
  5 adders
  An ooze (D:1)
  A worm (D:1)
  A dart slug (D:1)
  4 leopard geckos
  6 orcs (D:3)
  A ball python (D:1)
  2 giant cockroaches (D:3)
  4 goblins
  9 hobgoblins
  9 kobolds
  A quokka (D:2)
  9 bats
  12 frilled lizards
  6 rats
74 creatures vanquished.

Notes
Turn   | Place    | Note
-------+----------+-------------------------------------------
     0 | D:1      | Ethylacetat the Octopode Gladiator began the quest for the
                  | Orb.
     0 | D:1      | Reached XP level 1. HP: 14/14 MP: 1/1
    83 | D:1      | Reached XP level 2. HP: 8/19 MP: 2/2
   539 | D:1      | Reached XP level 3. HP: 23/25 MP: 3/3
   993 | D:1      | Reached skill level 4 in Polearms
  1387 | D:2      | Reached XP level 4. HP: 30/30 MP: 4/4
  1556 | D:2      | Noticed Jessica
  1562 | D:2      | Killed Jessica
  2023 | D:3      | Found a runed translucent gate.
  2023 | D:3      | Found a runed translucent gate.
  2024 | D:3      | Found a runed translucent gate.
  2049 | D:3      | Reached XP level 5. HP: 35/36 MP: 5/5
  2112 | D:3      | Reached skill level 5 in Polearms
  2181 | D:3      | Found an opulent altar of Gozag.
  2269 | D:3      | HP: 1/37 [orc/boomerang (8)]
  2620 | D:3      | Found a hide-covered altar of Uskayaw.
  2654 | D:3      | Identified the cursed +1 ring mail of the Wumpus {rElec
                  | rPois rCorr Str-4}
  2654 | D:3      | Noticed iamserjio's ghost (weakling GnIE)
  2659 | D:3      | Found a roughly hewn altar of Beogh.
  2701 | D:2      | Killed from afar by iamserjio's ghost

Illustrated notes

Levels and vault maps discovered:
D:1:      minmay_arrival_doors, layout_rooms, minmay_split_cup_large
D:2:      layout_rooms, first_ration, minmay_lizard_king, uniq_jessica
D:3:      layout_basic, old_standard_altar, biasface_ghost_orc_armoury,
          lemuel_statue_altar

Skill      XL: |  1  2  3  4  5 |
---------------+----------------+-----
Polearms       | 4 5 |  5.5
Fighting       | 3 |  3.7
Throwing       | |  2.0
Dodging        | |  3.0

Action                   |  1- 3 |  4- 6 || total
-------------------------+-------+-------++-------
Melee: Trident           |    66 |   111 ||   177
       Constrict         |    15 |    23 ||    38
       Tentacles         |     9 |    15 ||    24
 Stab: Sleeping          |     5 |     6 ||    11
  Eat: Chunk             |     1 |     3 ||     4
Armor: Skin              |     4 |     3 ||     7
Dodge: Dodged            |    33 |    67 ||   100
